Map: Disco Bloodbath LE

Players

RazerBlader - Winner!

  • Race: Terran Terran
  • League: Master
  • Spawn Location: 3:00

WhosJohnGalt

  • Race: Zerg Zerg
  • League: Master
  • Spawn Location: 9:00

Event: NationWars 2019

VOD

Have the link to the VOD?

Description

Time

  • Played on: Sept. 26, 2019, 5:21 p.m.
  • Length: 8:09
Show
View Real Time Build Order
Export as new Build Order

RazerBlader Terran - Winner!

Build Orders: Liberator Opening, Reaper Expand 

Get SALT Encoding   

  12  0:00  SCV  
  13  0:12  SCV  
  14  0:17  Supply Depot  
  14  0:24  SCV  
  15  0:38  SCV  
  15  0:39  Barracks  
  16  0:43  Refinery  
  16  0:51  SCV  
  17  1:03  SCV  
  18  1:15  SCV  
  19  1:26  Reaper  
  19  1:27  Orbital Command  
  20  1:39  Command Center  
  20  1:49  Supply Depot  
  20  1:53  SCV  
  21  1:58  Marine  
  22  2:05  SCV  
  23  2:10  Factory  
  23  2:15  Refinery  
  23  2:17  SCV  
  23  2:20  Barracks Reactor  
  24  2:29  SCV  
  25  2:41  SCV  
  26  2:53  SCV  
  26  2:55  Orbital Command  
  26  2:56  Starport  
  27  3:02  Hellion x2  
  27  3:04  Barracks Tech Lab  
  31  3:05  SCV  
  32  3:17  Liberator  
  32  3:18  SCV  
  33  3:21  SCV, Supply Depot  
  33  3:24  Hellion x2  
  38  3:30  SCV  
  39  3:36  SCV  
  39  3:41  Marine  
  44  3:42  SCV  
  44  3:45  Supply Depot  
  44  3:46  Stimpack  
  45  3:49  SCV  
  45  3:53  Hellion  
  45  3:54  Hellion  
  50  3:56  SCV  
  50  4:02  SCV  
  52  4:08  SCV  
  53  4:14  SCV  
  54  4:20  SCV  
  55  4:24  Command Center  
  55  4:26  SCV, Starport Reactor  
  55  4:27  Factory Tech Lab, Supply Depot  
  56  4:32  SCV  
  56  4:38  SCV  
  58  4:42  Barracks  
  58  4:44  SCV  
  59  4:46  Barracks  
  59  4:50  SCV  
  59  4:52  Engineering Bay x2  
  60  4:55  Siege Tank  
  60  4:56  SCV  
  64  5:02  SCV  
  58  5:08  Marine  
  58  5:09  SCV  
  57  5:14  SCV  
  57  5:15  Refinery  
  57  5:17  Refinery  
  57  5:20  Terran Infantry Weapons Level 1, Terran Infantry Armor Level 1, Starport Reactor  
  57  5:21  SCV  
  59  5:25  Marine  
  59  5:26  SCV  
  59  5:28  Combat Shield  
  61  5:33  SCV  
  62  5:37  Orbital Command  
  62  5:38  SCV  
  62  5:39  Marine x2  
  62  5:40  Marine x2  
  67  5:43  Marine  
  67  5:45  Barracks, SCV  
  67  5:47  Barracks, Siege Tank  
  72  5:50  SCV  
  73  5:57  SCV, Marine x3  
  73  5:58  Supply Depot, Marine  
  73  6:01  Medivac  
  73  6:03  SCV  
  81  6:05  Medivac  
  81  6:06  Marine  
  81  6:10  Orbital Command  
  84  6:17  Marine  
  84  6:18  Armory, Supply Depot  
  85  6:19  Marine x2  
  85  6:20  SCV, Marine  
  85  6:22  SCV  
  90  6:28  Marine  
  90  6:32  SCV  
  92  6:34  SCV  
  92  6:35  Barracks Reactor x2  
  92  6:36  Refinery  
  92  6:37  Supply Depot  
  92  6:39  SCV, Marine  
  98  6:40  Siege Tank  
  98  6:44  SCV, Marine x2  
  101  6:49  Supply Depot  
  101  6:54  Supply Depot  
  101  6:56  Supply Depot  
  101  6:58  Marine x3  
  101  6:59  SCV x2, Medivac  
  108  7:03  SCV  
  109  7:10  Marine x2  
  109  7:11  Medivac  
  109  7:13  Supply Depot  
  111  7:16  Marine  
  111  7:21  Marine  
  111  7:22  Marine  
  114  7:26  Marine x4  
  114  7:28  Medivac, Marine  
  118  7:30  Marine  
  118  7:31  Siege Tank  
  118  7:34  Marine  
  118  7:36  SCV  
  123  7:38  SCV  
  123  7:39  Marine  
  123  7:40  Marine  
  123  7:44  Marine x3  
  121  7:45  Marine  
  121  7:46  Marine  
  121  7:48  Marine  
Show
View Real Time Build Order
Export as new Build Order

WhosJohnGalt Zerg 

Build Orders: Hatch First 

Get SALT Encoding   

  12  0:01  Drone  
  13  0:13  Overlord  
  13  0:19  Drone  
  14  0:31  Drone x2  
  16  0:49  Hatchery  
  15  0:52  Drone  
  15  0:56  Drone  
  17  0:59  Drone  
  18  1:10  Extractor  
  17  1:14  Spawning Pool  
  17  1:17  Drone  
  17  1:20  Drone  
  18  1:28  Drone  
  19  1:39  Overlord  
  19  1:52  Drone  
  20  2:02  Queen  
  20  2:03  Queen  
  20  2:04  Zergling x4  
  26  2:13  Drone x2  
  28  2:26  Extractor  
  28  2:28  Drone x2  
  29  2:36  Drone x2  
  31  2:39  Queen  
  31  2:41  Metabolic Boost  
  31  2:43  Queen  
  35  2:46  Extractor  
  35  2:53  Overlord  
  35  2:54  Drone  
  36  3:03  Hatchery  
  36  3:05  Extractor  
  36  3:08  Drone  
  36  3:11  Drone x2  
  38  3:13  Drone  
  39  3:24  Queen  
  39  3:25  Overlord  
  41  3:27  Drone x2  
  41  3:30  Drone  
  44  3:37  Overlord  
  44  3:51  Drone  
  44  3:52  Drone x4, Overlord x2  
  44  3:54  Drone x2  
  44  3:55  Drone  
  52  3:57  Drone  
  53  4:08  Extractor  
  52  4:12  Baneling Nest  
  52  4:15  Zergling x6  
  52  4:16  Queen  
  56  4:21  Zergling x4  
  58  4:26  Drone x2  
  60  4:34  Drone  
  60  4:35  Drone x2  
  60  4:36  Drone x3  
  60  4:37  Zergling x4  
  60  4:38  Zergling x2  
  69  4:42  Queen  
  71  4:56  Spore Crawler  
  60  5:08  Drone x9  
  68  5:14  Drone  
  68  5:15  Drone  
  68  5:20  Drone  
  68  5:21  Drone x2  
  73  5:23  Overlord x4  
  73  5:29  Lair  
  73  5:33  Evolution Chamber  
  73  5:34  Evolution Chamber  
  71  5:39  Extractor  
  71  5:41  Extractor  
  71  5:42  Drone x3  
  72  5:43  Drone x3  
  75  5:55  Spore Crawler, Spine Crawler  
  73  6:02  Drone x4  
  73  6:03  Zerg Melee Weapons Level 1, Zerg Ground Armor Level 1  
  77  6:06  Extractor  
  77  6:07  Extractor  
  77  6:09  Drone  
  77  6:10  Drone x4  
  77  6:11  Drone, Zergling x2  
  81  6:17  Zergling x8  
  86  6:18  Hatchery  
  86  6:23  Zergling x4  
  87  6:31  Zergling x6  
  87  6:32  Centrifical Hooks  
  90  6:33  Baneling x2  
  90  6:34  Baneling  
  90  6:38  Zergling x2  
  90  6:39  Zergling x6  
  94  6:40  Hatchery  
  93  6:49  Zergling x12  
  93  6:51  Baneling x3  
  93  6:52  Baneling x3  
  98  6:58  Zergling x8  
  102  7:03  Hydralisk Den  
  102  7:06  Infestation Pit  
  99  7:13  Zergling x6  
  99  7:14  Zergling x8, Queen  
  99  7:19  Zergling x8  
  94  7:27  Zergling x8  
  88  7:35  Zergling x12  
  81  7:41  Zergling x2  
  81  7:42  Zergling x4  
  74  7:48  Zergling x8  
Tags
 
Add a new tag
Caveats
  • Supply blocks, unpowered buildings, or Contaminate may cause inaccurate times.
  • Supply counts are checked every 10 seconds.